 Dungeon Crawl Stone Soup version 0.31-a0-1001-g770356a28f (webtiles) character file.

Game seed: 18420652670600017548

32 Malachi the Ruffian (level 2, -6/23 HPs)
             Began as a Demigod Shapeshifter on Nov 8, 2023.
             Mangled by Terence
             ... wielding a +2 flail of protection
              (8 damage)
             ... on level 2 of the Dungeon.
             The game lasted 00:01:25 (1279 turns).

Malachi the Ruffian (Demigod Shapeshifter)          Turns: 1279, Time: 00:01:26

Health: -6/23      AC:  2    Str: 13 (15) XL:     2   Next: 93%
Magic:  4/4        EV: 12    Int: 11 (12) God:
Gold:   41         SH:  0    Dex: 12 (13) Spells: 1/1 levels left

rFire   . .          .
                       - Unarmed
rCold   . . .        (no shield)
rNeg    . . .        j - +0 animal skin
rPois   .            (helmet currently unavailable)
rElec   .            (cloak currently unavailable)
rCorr   .            (gloves currently unavailable)
SInv    .            (boots currently unavailable)
Will    .....        (no amulet)
Stlth   +            (no ring)
HPRegen 0.23/turn    (no ring)
MPRegen 0.09/turn

%: no passive effects
@: beast-form
A: beast (slay +1), high MP 1, forlorn, divine attributes
a: Begin Untransformation


You were on level 2 of the Dungeon.
You were a hulking beast.
You visited 1 branch of the dungeon, and saw 2 of its levels.

You collected 41 gold pieces.

Inventory:

Armour
 j - a +0 animal skin (worn)
Talismans
 c - a beast talisman
 d - a flux talisman
Scrolls
 e - a scroll of vulnerability
 g - 2 scrolls of poison
Potions
 b - a potion of lignification


   Skills:
 + Level 1.5 Fighting
 + Level 2.2 Dodging
 + Level 3.0 Unarmed Combat
 + Level 3.0 Shapeshifting


You had one spell level left.
You didn't know any spells.
Your spell library was empty.

Dungeon Overview and Level Annotations

Branches:
Dungeon (2/15)

Annotations:
D:2 Terence


Innate Abilities, Weirdness & Mutations

You are a hulking beast.
Your limbs bulge with bestial killing power. (Slay +1)
You have an increased reservoir of magic. (+10% MP)
You shall have no god before yourself.
Your divine heritage dramatically boosts your attributes as you level up.


Message History

You hit the endoplasm.
The endoplasm is severely wounded.
The rat bites you. The endoplasm hits you.
You hit the endoplasm.
You kill the endoplasm!
The rat bites you.
You hit the rat but do no damage. The rat bites you.
You closely miss the rat. The rat closely misses you.
You hit the rat.
You kill the rat!
Your Shapeshifting skill increases to level 3!
No target in view!
No target in view!
HP restored.
You open the door.
Terence the Incautious comes into view.
He is wielding a +2 flail of protection.
Terence shouts!
You hear an angry hiss.
Terence moves out of view.
Found 50 gold pieces.
Terence is nearby!
Terence is nearby!
Terence is nearby!
You hit Terence but do no damage.
Terence hits you with a +2 flail of protection.
You hit Terence but do no damage.
Terence hits you with a +2 flail of protection.
You hit Terence but do no damage.
Terence hits you with a +2 flail of protection!
You are too injured to fight recklessly!
You are too injured to fight recklessly!
You are too injured to fight recklessly!
You hit Terence but do no damage.
Terence hits you with a +2 flail of protection.
* * * LOW HITPOINT WARNING * * *
It was a potion of degeneration.
There was something very wrong with that liquid.
You feel weakened.
You feel dopey.
You feel clumsy.
Terence hits you with a +2 flail of protection!
You die...
Terence says, "Time to find some more victims." $$$P# $$SP##### # PPP....

.##..... ......
#... ###@#####
#..h....###
#.........# #.
#.......#.# #..
#.......#.# #.#
#.......#.# #)#
#.......#.###.#
#########...#.#
###.#.# #...#


You could see Terence and an adder.

Vanquished Creatures
  5 endoplasms
  2 giant cockroaches (D:1)
  6 goblins
  2 hobgoblins (D:1)
  3 kobolds (D:1)
  4 ball pythons (D:1)
  4 bats
  A frilled lizard (D:1)
  A rat (D:2)
28 creatures vanquished.

Notes
Turn   | Place    | Note
-------+----------+-------------------------------------------
     0 | D:1      | Malachi the Demigod Shapeshifter began the quest for the
                  | Orb.
     0 | D:1      | Reached XP level 1. HP: 15/15 MP: 3/3
   136 | D:1      | Reached skill level 1 in Fighting
   234 | D:1      | Reached XP level 2. HP: 17/23 MP: 4/4
  1273 | D:2      | Noticed Terence
  1278 | D:2      | HP: 1/23 [Terence/+2 flail of protection (6)]
  1279 | D:2      | Mangled by Terence

Illustrated notes

Levels and vault maps discovered:
D:1:      scummos_arrival_forest, layout_loops_ring,
          hellmonk_ecumenical_altar_prayer_group
D:2:      layout_basic, minmay_gold_behind_fungi, uniq_terence

Skill      XL: |  1  2 |
---------------+-------+-----
Fighting       | 1 |  1.5
Dodging        | 2 |  2.2
Unarmed Combat | 3 |  3.0
Shapeshifting  | 3 |  3.0

Action                     || total
---------------------------++-------
  Melee: Unarmed           ||    72
         Punch             ||     2
    Use: Scroll            ||     4
         Potion            ||     3
   Stab: Sleeping          ||     1
 Armour: Skin              ||    23
         Animal skin       ||    10
  Dodge: Dodged            ||    37

Table legend: (Time is in decaauts)
 A = Elapsed time spent in this place.
 B = Non-inter-level travel time spent in this place.
 C = Inter-level travel time spent in this place.
 D = Time resting spent in this place.
 E = Time spent auto-exploring this place.
 F = Levels seen in this place.
 G = Mean time per level.
                   A        B        C        D        E       F      G
               +--------+--------+--------+--------+--------+-----+--------+
         Total |   1255 |   1217 |     38 |    252 |    791 |   2 |  627.5 |
       Dungeon |   1255 |   1217 |     38 |    252 |    791 |   2 |  627.5 |
               +--------+--------+--------+--------+--------+-----+--------+

Top non-repeatable levels by time:
     D:1: 1059 daAuts
     D:2: 195 daAuts
